 Dungeon Crawl Stone Soup version 0.30-a0-802-gb92711bcdf (webtiles) character file.

Game seed: 17750281861571019045

24025 runemasterragnar the Frost Mage (level 13, 0/98 (101) HPs)
             Began as a Merfolk Ice Elementalist on Feb 18, 2023.
             Was a High Priest of Vehumet.
             Slain by a sun demon (13 damage)
             ... summoned by an orc sorcerer
             ... on level 2 of the Orcish Mines on Feb 25, 2023.
             The game lasted 00:53:19 (19493 turns).

runemasterragnar the Frost Mage (MfIE)             Turns: 19493, Time: 00:53:19

HP:   0/98 (101)    AC:  7    Str:  9    XL:     13   Next: 10%
MP:   8/25          EV: 15    Int: 18    God:    Vehumet [*****.]
Gold: 1405          SH:  0    Dex: 15    Spells: 0/28 levels left

rFire   . . .      SeeInvis .    K - +2 scimitar (flame)
rCold   . . .      Faith    .    (no shield)
rNeg    . . .      Spirit   .    a - +0 robe
rPois   .          Reflect  .    (no helmet)
rElec   .          Harm     .    i - +1 cloak
rCorr   +          Rampage  .    (no gloves)
Will    +....                    u - +2 pair of boots
Stlth   +++                      (no amulet)
HPRegen 0.36/turn                e - ring of resist corrosion
MPRegen 0.19/turn                r - ring of willpower

@: about to teleport, freezing walls, lightly drained
A: (nimble swimmer 2), mertail, sense surroundings 1, MP-powered wands
a: Renounce Religion


You were on level 2 of the Orcish Mines.
You worshipped Vehumet.
Vehumet was extremely pleased with you.
You visited 4 branches of the dungeon, and saw 17 of its levels.

You collected 1405 gold pieces.

Inventory:

Hand Weapons
 n - a +3 hand axe of venom
 K - a +2 scimitar of flaming (weapon)
Missiles
 o - 4 throwing nets
Armour
 a - a +0 robe (worn)
 i - a +1 cloak (worn)
 u - a +2 pair of boots (worn)
 v - an orb of energy
 x - +0 acid dragon scales
Magical Staves
 s - a staff of earth
Jewellery
 e - a ring of resist corrosion (left hand)
 g - a ring of wizardry
 k - a +6 ring of dexterity
 r - a ring of willpower (right hand)
 A - a ring of poison resistance
 B - a +5 ring of evasion
 E - a +6 ring of intelligence
 L - a ring of positive energy
Wands
 f - a wand of charming (3)
 D - a wand of flame (5)
 F - a wand of polymorph (11)
Scrolls
 c - 3 scrolls of noise
 h - a scroll of teleportation
 j - 2 scrolls of enchant armour
 l - 4 scrolls of enchant weapon
 w - 3 scrolls of identify
 y - 2 scrolls of fog
 G - 2 scrolls of vulnerability
 H - a scroll of brand weapon
 I - 2 scrolls of fear
Potions
 b - a potion of magic
 d - a potion of might
 m - a potion of ambrosia
 p - 4 potions of resistance
 q - 2 potions of attraction
 t - a potion of curing


   Skills:
 + Level 9.6 Fighting
 + Level 6.3 Dodging
 + Level 5.5 Stealth
 + Level 8.3 Spellcasting
 * Level 6.9 Conjurations
 + Level 8.4 Summonings
 - Level 13.8 Ice Magic


You couldn't memorise any spells.
You knew the following spells:

 Your Spells              Type           Power      Damage    Failure   Level
a - Freeze                Ice            100%       1d10      1%          1
b - Ozocubu's Armour      Ice            55%        N/A       1%          3
c - Frozen Ramparts       Ice            100%       1d16      1%          3
d - Summon Ice Beast      Ice/Summ       47%        N/A       1%          4
e - Magic Dart            Conj           100%       1d8       1%          1
f - Spellforged Servitor  Conj/Summ      17%        N/A       61%         7
g - Hailstorm             Conj/Ice       45%        3d10      1%          3
h - Iron Shot             Conj/Erth      10%        9d3       61%         6

Your spell library contained the following spells:

 Spells                   Type           Power      Damage    Failure   Level
 Fireball                 Conj/Fire      10%        3d6       16%         5
 Summon Small Mammal      Summ           100%       N/A       1%          1
 Searing Ray              Conj           64%        2d6       1%          2
 Call Canine Familiar     Summ           37%        N/A       1%          3
 Stone Arrow              Conj/Erth      40%        3d9       1%          3
 Sandblast                Erth           14%        2d6       2%          1
 Summon Guardian Golem    Hex/Summ       22%        N/A       4%          3
 Iskenderun's Battlesphe  Conj           32%        2d8       4%          5
 Fulminant Prism          Conj/Hex       10%        3d8       6%          4
 Passwall                 Tmut/Erth      5%         N/A       14%         2


Dungeon Overview and Level Annotations

Branches:
Dungeon (11/15)            Temple (1/1) D:4            Lair (3/5) D:8
 Spider (0/4) Lair:3          Orc (2/2) D:11
  Swamp: Lair:2-3    Shoals: Lair:2-3       Elf: Orc:2

Altars:
Ashenzari
Cheibriados
Elyvilon
Fedhas
Hepliaklqana
Kikubaaqudgha
Makhleb
Okawaru
Qazlal
Ru
Sif Muna
Trog
Vehumet
Xom

Shops:
D:7 (   Orc:1 *[


Innate Abilities, Weirdness & Mutations

((You are very nimble when in or above water. (Stealth+, EV+, Speed+++)))
Your lower body shifts to a powerful aquatic tail in water.
You passively map a small area around you.
You expend magic power (3 MP) to strengthen your wands.


Message History

You assume a fearsome visage.
The orc warrior looks frightened!
The sun demon looks frightened!
The red devil looks frightened!
The orc sorcerer looks frightened! x2; The wall freezes the sun demon.
Your attack snaps the sun demon out of its fear.
The sun demon hits you.
* * * LOW HITPOINT WARNING * * *
You are engulfed in flames!
Your icy armour melts away.
* * * LOW HITPOINT WARNING * * *
The orc sorcerer resists.
The wall freezes the orc sorcerer.
Your attack snaps the orc sorcerer out of its fear.
The orc sorcerer barely misses you.
The sun demon is frozen!
The wall freezes the sun demon!
The sun demon hits you but does no damage.
The wall freezes the red devil but does no damage.
Unknown command.
Unknown command.
Okay, then.
Okay, then.
Really quaff the potion of mutation?
You feel extremely strange.
You feel stupid.
You feel your magical essence link to the dungeon's wands.
You feel a strange attunement to the structure of the dungeons.
The orc sorcerer resists.
The wall freezes the orc sorcerer.
The orc sorcerer barely misses you.
The wall freezes the sun demon but does no damage.
The sun demon hits you but does no damage.
As you read the scroll of teleportation, it crumbles to dust.
You feel strangely unstable.
The orc sorcerer resists.
The wall freezes the orc sorcerer.
The orc sorcerer casts a spell.
The sun demon is frozen!
The wall freezes the sun demon.
The sun demon completely misses you.
You feel better.
The orc sorcerer resists.
The wall freezes the orc sorcerer.
The orc sorcerer hits you with a +0 dagger.
* * * LOW HITPOINT WARNING * * *
The sun demon is frozen!
The wall freezes the sun demon!
The sun demon hits you!
You die...

, ................... ,
....o.............. .
###................. *
..#<#............#....
*
,#....................
##........)...........
#..,#....)##..........
*#.##.3.......#......$,
##.##o@.)..o##.......
#..4...)..##.....#...
##.#<..#### ....#.... ,
# #...# .#.##..#. ##4##
, #.... .# ### , . ##.
, .. * , , * ,


You could see a sun demon (summoned), a rust devil (summoned), 2 orc sorcerers,
a red devil (summoned, fleeing) and an orc warrior (fleeing).

Vanquished Creatures
  Harold (Orc:1)
  A two-headed ogre (D:9)
  4 death yaks (Lair:2)
  A deep troll (D:10)
  A wolf spider (D:10)
  An efreet (D:10)
  5 cane toads
  10 komodo dragons
  2 trolls
  A hornet (D:11)
  5 blink frogs (Lair:1)
  3 dream sheep (Lair:3)
  2 slime creatures (D:6)
  Sigmund (D:5)
  A shadow (D:11)
  2 wyverns (Lair:3)
  A wraith (D:11)
  3 basilisks
  13 yaks
  A warg (Orc:1)
  5 water moccasins
  A sky beast (D:6)
  An ice beast (D:5)
  10 orc warriors
  A swamp drake (D:8)
  7 ogres
  6 wolves (Lair:1)
  2 centaurs
  4 kobold brigands
  5 bullfrogs
  2 scorpions
  10 wights
  3 killer bees (D:8)
  5 howler monkeys
  5 jellies
  4 hounds
  7 orc priests
  3 iguanas
  9 orc wizards
  9 adders
  4 gnolls (D:7)
  2 white imps (D:6)
  3 ufetubi
  2 dart slugs
  44 orcs
  13 endoplasms
  3 giant cockroaches
  5 goblins
  4 hobgoblins
  3 jackals (D:3)
  24 kobolds
  2 quokkas
  5 ball pythons
  A frilled lizard (D:2)
  5 rats
278 creatures vanquished.

Vanquished Creatures (collateral kills)
  A hydra (Lair:2)
  A wolf spider (D:10)
  A komodo dragon (Lair:2)
  2 cane toads (Lair:2)
  A rime drake (Lair:3)
  Grinder (D:6)
  A dream sheep (Lair:3)
  A culicivora (Lair:3)
  2 yaks (D:9)
  A basilisk (Lair:3)
  An acid dragon (D:11)
  A water moccasin (Lair:2)
  5 orc warriors
  2 kobold brigands
  A phantom (D:6)
  A bullfrog (Lair:3)
  A killer bee (D:10)
  An electric eel (Lair:3)
  2 howler monkeys (D:10)
  3 orc priests
  4 orc wizards
  A shadow imp (D:7)
  13 orcs
  A kobold (D:11)
49 creatures vanquished.

Vanquished Creatures (others)
  17 fungi
  13 plants
  8 toadstools (D:6)
  5 withered plants (D:3)
43 creatures vanquished.

Grand Total: 370 creatures vanquished

Notes
Turn   | Place    | Note
-------+----------+-------------------------------------------
     0 | D:1      | runemasterragnar the Merfolk Ice Elementalist began the
                  | quest for the Orb.
     0 | D:1      | Reached XP level 1. HP: 13/13 MP: 3/3
   330 | D:1      | Reached XP level 2. HP: 16/20 MP: 3/5
  1063 | D:2      | Reached skill level 1 in Fighting
  1278 | D:2      | Reached XP level 3. HP: 17/26 MP: 1/6
  1854 | D:2      | Reached skill level 5 in Ice Magic
  1858 | D:2      | Learned a level 3 spell: Ozocubu's Armour
  1975 | D:2      | Reached XP level 4. HP: 32/32 MP: 4/7
  2029 | D:3      | Found an ancient bone altar of Kikubaaqudgha.
  2104 | D:3      | Noticed an ogre
  2159 | D:3      | Noticed an orc warrior
  2343 | D:4      | Learned a level 3 spell: Frozen Ramparts
  2426 | D:4      | Reached XP level 5. HP: 27/38 MP: 0/8
  2591 | D:4      | Found a stormy altar of Qazlal.
  2912 | D:4      | Found a staircase to the Ecumenical Temple.
  3348 | Temple   | Entered the Ecumenical Temple
  3371 | Temple   | Became a worshipper of Vehumet
  3783 | D:5      | Entered Level 5 of the Dungeon
  3861 | D:5      | Noticed an ice beast
  3941 | D:3      | Killed an ogre
  3942 | D:3      | Reached skill level 6 in Ice Magic
  3942 | D:3      | Reached XP level 6. HP: 9/46 MP: 3/10
  4346 | D:5      | Killed an ice beast
  4405 | D:5      | Reached XP level 7. HP: 51/51 MP: 7/11
  4726 | D:5      | Noticed Sigmund
  4746 | D:5      | Killed Sigmund
  4747 | D:5      | Reached skill level 5 in Dodging
  5170 | D:6      | Reached skill level 7 in Ice Magic
  5222 | D:6      | Found a broken altar of Ashenzari.
  5276 | D:6      | Reached XP level 8. HP: 46/60 MP: 6/13
  5393 | D:6      | Reached * piety under Vehumet
  5393 | D:6      | Offered knowledge of Magic Dart by Vehumet.
  5401 | D:6      | Learned a level 4 spell: Summon Ice Beast
  5403 | D:6      | Learned a level 1 spell: Magic Dart
  5469 | D:6      | Reached skill level 1 in Conjurations
  5469 | D:6      | Reached skill level 1 in Summonings
  5615 | D:6      | Noticed Grinder
  5617 | D:6      | Paralysed by Grinder for 2 turns
  5647 | D:6      | Paralysed by Grinder for 4 turns
  5660 | D:6      | Killed Grinder
  5661 | D:6      | Reached skill level 8 in Ice Magic
  6090 | D:6      | Noticed a slime creature
  6090 | D:6      | Noticed a slime creature
  6101 | D:6      | Killed a slime creature
  6102 | D:6      | Reached XP level 9. HP: 56/67 MP: 15/15
  6120 | D:6      | Reached skill level 5 in Fighting
  6299 | D:7      | Found a sacrificial altar of Ru.
  6301 | D:7      | Found a burning altar of Makhleb.
  6337 | D:7      | Reached ** piety under Vehumet
  6339 | D:7      | Offered knowledge of Momentum Strike by Vehumet.
  6342 | D:7      | Reached skill level 9 in Ice Magic
  6556 | D:7      | Found a white marble altar of Elyvilon.
  6773 | D:7      | Found Ybiets's Weapon Boutique.
  6979 | D:8      | Reached skill level 5 in Spellcasting
  7463 | D:8      | Noticed a komodo dragon
  7474 | D:8      | Killed a komodo dragon
  7486 | D:8      | Noticed a komodo dragon
  7497 | D:8      | Killed a komodo dragon
  7498 | D:8      | Reached XP level 10. HP: 28/76 MP: 16/18
  7670 | D:8      | Reached skill level 10 in Ice Magic
  7853 | D:8      | Found a staircase to the Lair.
  8875 | Lair:1   | Entered Level 1 of the Lair of Beasts
  8875 | Lair:1   | Noticed a cane toad
  8891 | D:8      | Killed a cane toad
  8892 | D:8      | Reached skill level 5 in Summonings
  8940 | D:8      | Reached skill level 11 in Ice Magic
  9132 | Lair:1   | Noticed a cane toad
  9151 | Lair:1   | Killed a cane toad
  9302 | Lair:1   | Reached XP level 11. HP: 74/84 MP: 20/20
  9839 | Lair:1   | Offered knowledge of Mephitic Cloud by Vehumet.
 10046 | Lair:1   | Reached skill level 5 in Conjurations
 10046 | Lair:1   | Reached skill level 12 in Ice Magic
 10050 | Lair:1   | Reached *** piety under Vehumet
 10411 | Lair:2   | Gained mutation: You are resistant to electric shocks.
                  | (rElec) [potion of mutation]
 10411 | Lair:2   | Gained mutation: You are strong-willed. (Will+) [potion of
                  | mutation]
 10411 | Lair:2   | Gained mutation: You have hidden genetic defects. [potion
                  | of mutation]
 10412 | Lair:2   | Lost mutation: You are resistant to electric shocks.
                  | (rElec) [potion of mutation]
 10412 | Lair:2   | Lost mutation: You are strong-willed. (Will+) [potion of
                  | mutation]
 10412 | Lair:2   | Lost mutation: You have hidden genetic defects. [potion of
                  | mutation]
 10412 | Lair:2   | Gained mutation: Your mind is acute. (Int +4, Str/Dex -1)
                  | [potion of mutation]
 10501 | Lair:2   | Noticed a death yak
 10501 | Lair:2   | Noticed a death yak
 10595 | Lair:2   | Learned a level 7 spell: Spellforged Servitor
 11004 | Lair:2   | Noticed a death yak
 11006 | Lair:2   | Noticed a death yak
 11174 | D:9      | Noticed a two-headed ogre
 11189 | D:9      | Killed a two-headed ogre
 12279 | D:10     | Entered Level 10 of the Dungeon
 12422 | D:10     | Noticed a wolf spider
 12430 | D:10     | Killed a wolf spider
 12431 | D:10     | Reached XP level 12. HP: 65/94 MP: 14/23
 12485 | D:10     | Reached skill level 13 in Ice Magic
 12659 | D:10     | Offered knowledge of Fulminant Prism by Vehumet.
 13621 | D:10     | Noticed a fire giant
 14218 | Lair:3   | Noticed an eight-headed hydra
 14832 | Lair:2   | Killed a death yak
 14851 | Lair:2   | Killed a death yak
 14866 | Lair:2   | Killed a death yak
 14874 | Lair:2   | Killed a death yak
 15379 | Lair:2   | Noticed a four-headed hydra
 15388 | Lair:2   | Killed a four-headed hydra
 15605 | Lair:3   | Found a hole to the Spider Nest.
 16854 | Lair:2   | Upgraded the game from 0.30-a0-779-g7971cf19c3 to
                  | 0.30-a0-802-gb92711bcdf
 17422 | Lair:3   | Reached skill level 5 in Stealth
 17720 | D:11     | Reached **** piety under Vehumet
 17722 | D:11     | Offered knowledge of Hailstorm by Vehumet.
 17727 | D:11     | Learned a level 3 spell: Hailstorm
 17728 | D:11     | Found a staircase to the Orcish Mines.
 17987 | D:11     | Found a sacrificial altar of Ru.
 18389 | D:11     | Noticed a boulder beetle
 18524 | Orc:1    | Entered Level 1 of the Orcish Mines
 18551 | Orc:1    | Reached XP level 13. HP: 87/101 MP: 16/25
 18681 | Orc:1    | Found Qyvvuq's Overcharged Wands.
 18802 | Orc:1    | Noticed Harold
 18821 | Orc:1    | Killed Harold
 18956 | Orc:1    | Found Arigg's Antique Armour Boutique.
 19049 | Orc:1    | Reached ***** piety under Vehumet
 19058 | Orc:1    | Offered knowledge of Fireball by Vehumet.
 19407 | Orc:1    | Learned a level 6 spell: Iron Shot
 19409 | Orc:2    | Entered Level 2 of the Orcish Mines
 19486 | Orc:2    | Paralysed by an orc sorcerer for 3 turns
 19491 | Orc:2    | Lost mutation: Your mind is acute. (Int +4, Str/Dex -1)
                  | [potion of mutation]
 19491 | Orc:2    | Gained mutation: You expend magic power (3 MP) to
                  | strengthen your wands. [potion of mutation]
 19491 | Orc:2    | Gained mutation: You passively map a small area around you.
                  | [potion of mutation]
 19493 | Orc:2    | Slain by a sun demon

Illustrated notes

Levels and vault maps discovered:
D:1:      co_arrival_square_in_a_square_in_a_square, layout_basic
D:2:      layout_basic
D:3:      layout_rooms, kiku_gazebo_garden_becter
D:4:      layout_layer_cave, grunt_qazlal_clouds, minmay_temple_entry_fiery
D:5:      layout_loops_ring, uniq_sigmund
D:6:      cheibrodos_fertilizer, layout_basic, ashenzari_conservatory_becter,
          uniq_grinder
D:7:      layout_cave_pools, grunt_temple_overflow_open, serial_shops, shop
D:8:      layout_rooms, erik_lair_dragon
D:9:      layout_roguey
D:10:     layout_gridville, nicolae_rejected_hall
D:11:     layout_roguey, hiddenorc2_lemuel, hangedman_ru_absence
Temple:   eino_temple_scatter_basement
Lair:1:   layout_misc_corridors, serial_bayou_shore_b
Lair:2:   layout_cave_pods, small_statue_intersection, st_stairs_11,
          chequers_serial_rivers_small_b
Lair:3:   layout_layer_cave, minmay_shoals_entry_hut, spider_nest_entry_rubble,
          grunt_megastairs_1
Orc:1:    layout_caves, basic_altar, serial_shops, shop,
          nicolae_shop_overcharged_wands, uniq_harold
Orc:2:    st_orc_open, layout_caves, basic_altar, serial_shops, shop_fountains,
          lemuel_statue_altar

Skill      XL: |  1  2  3  4  5  6  7  8  9 10 11 12 |
---------------+-------------------------------------+-----
Dodging        | 3 4 5 6 |  6.3
Fighting       | 1 2 3 4 6 7 8 9 |  9.6
Ice Magic      | 5 6 7 8 9 11 12 13 | 13.8
Stealth        | 3 4 5 |  5.5
Spellcasting   | 3 4 5 6 7 8 |  8.3
Conjurations   | 2 3 4 5 6 |  6.9
Summonings     | 2 4 5 6 8 |  8.4

Action                     |  1- 3 |  4- 6 |  7- 9 | 10-12 | 13-15 || total
---------------------------+-------+-------+-------+-------+-------++-------
  Melee: Unarmed           |     7 |     3 |       |       |       ||    10
         Punch             |     1 |     1 |     5 |     2 |     1 ||    10
         Hand axe          |       |    58 |   160 |   248 |       ||   466
         Scimitar          |       |       |       |    92 |    23 ||   115
         Tailslap          |       |       |       |     1 |       ||     1
   Cast: Freeze            |    47 |    28 |       |    15 |       ||    90
         Frozen Ramparts   |       |     4 |    22 |    56 |     6 ||    88
         Ozocubu's Armour  |       |     3 |     7 |    58 |     5 ||    73
         Summon Ice Beast  |       |       |     4 |    59 |     6 ||    69
         Magic Dart        |       |       |     6 |    12 |       ||    18
         Hailstorm         |       |       |       |     1 |    20 ||    21
  Evoke: Wand              |       |       |     1 |    11 |       ||    12
    Use: Scroll            |       |     2 |     5 |    21 |     2 ||    30
         Potion            |       |     2 |       |    15 |     3 ||    20
   Stab: Sleeping          |       |     2 |     3 |     2 |       ||     7
         Distracted        |       |       |       |     4 |       ||     4
 Armour: Robe              |     8 |    16 |    68 |   145 |    21 ||   258
         Skin              |       |       |       |    16 |       ||    16
  Dodge: Dodged            |    21 |    67 |   151 |   324 |    33 ||   596

Table legend: (Time is in decaauts)
 A = Elapsed time spent in this place.
 B = Non-inter-level travel time spent in this place.
 C = Inter-level travel time spent in this place.
 D = Time resting spent in this place.
 E = Time spent auto-exploring this place.
 F = Levels seen in this place.
 G = Mean time per level.
                   A        B        C        D        E       F      G
               +--------+--------+--------+--------+--------+-----+--------+
         Total |  19710 |  19036 |    674 |   5603 |   9898 |  17 | 1159.4 |
       Dungeon |  13381 |  12767 |    614 |   3169 |   7277 |  11 | 1216.5 |
        Temple |     32 |     23 |      9 |      0 |     11 |   1 |   32.0 |
          Lair |   5306 |   5256 |     50 |   2307 |   1984 |   3 | 1768.7 |
  Orcish Mines |    989 |    989 |      0 |    126 |    626 |   2 |  494.5 |
               +--------+--------+--------+--------+--------+-----+--------+

Top non-repeatable levels by time:
     D:9: 2252 daAuts
     D:8: 2103 daAuts
  Lair:2: 2052 daAuts
  Lair:3: 1954 daAuts
     D:4: 1569 daAuts
     D:6: 1301 daAuts
  Lair:1: 1299 daAuts
     D:2: 1151 daAuts
    D:10: 1097 daAuts
    D:11: 972 daAuts
     D:1: 968 daAuts
   Orc:1: 928 daAuts
     D:5: 786 daAuts
     D:7: 635 daAuts
     D:3: 543 daAuts
